 Dungeon Crawl Stone Soup version 0.29-a0-356-g7bc237e783 (webtiles) character file.

Game seed: 6878096273903905411

11 spaghetti the Cudgeller (level 2, 14/24 HPs)
             Began as a Demonspawn Berserker on Apr 26, 2022.
             Was a Follower of Trog.
             Quit the game on level 1 of the Dungeon.
             The game lasted 00:00:37 (290 turns).

spaghetti the Cudgeller (Demonspawn Berserker)       Turns: 290, Time: 00:00:38

Health: 14/24      AC:  2    Str: 17    XL:     2   Next: 13%
Magic:  2/2        EV: 12    Int:  8    God:    Trog [*.....]
Gold:   16         SH:  0    Dex: 12    Spells: 1/1 levels left

rFire   . . .      SeeInvis .   a - +0 mace {mace}
rCold   . . .      Faith    +   (no shield)
rNeg    . . .      Spirit   .   b - +0 animal skin
rPois   .          Reflect  .   (no helmet)
rElec   .          Harm     .   (no cloak)
rCorr   .          Rampage  .   (no gloves)
Will    .....                   (no boots)
Stlth   +.........              c - amulet of faith {!P}
HPRegen 0.08/turn               (no ring)
MPRegen 0.08/turn               (no ring)

@: no status effects
A: demonic magic 1
a: Renounce Religion, Berserk


You were on level 1 of the Dungeon.
You worshipped Trog.
Trog was aware of your devotion.
You visited 1 branch of the dungeon, and saw 1 of its levels.

You collected 16 gold pieces.


Innate Abilities, Weirdness & Mutations

Spells you cast may paralyse adjacent enemies.


   Skills:
 - Level 3.0 Fighting
 + Level 3.3 Maces & Flails
 - Level 1.7 Armour
 - Level 1.7 Dodging


You had one spell level left.
You didn't know any spells.
Your spell library was empty.

Inventory:

Hand Weapons
 a - a +0 mace (weapon) {mace}
Armour
 b - a +0 animal skin (worn)
Jewellery
 c - an amulet of faith (around neck) {!P}
   (You found it on level 1 of the Dungeon)

Dungeon Overview and Level Annotations

Branches:
Dungeon (1/15)

Altars:

....#####
#.......#
##.......#..
....(...#..
#..........
#.......#..
#..†....#..
#..@.......
#........#.
#........#
#.......#..
#.......# ≈
#..†..##########
#...............
#...............
#.#....†....##....
..


There were no monsters in sight!


Message History

You hit the giant cockroach.
You kill the giant cockroach!
Trog accepts your kill.
A ball python comes into view.
You see here a giant cockroach corpse.
A ball python is nearby!
A ball python is nearby!
A ball python is nearby!
You are too injured to fight recklessly!
You are too injured to fight recklessly!
You are too injured to fight recklessly!
You are too injured to fight recklessly!
You are too injured to fight recklessly! 😕 HP[+1]
You barely miss the ball python. The ball python bites you.
The ball python closely misses you. 😮 HP[-2]
You take 2 damage, and now have 12/18 hp.
You hit the ball python but do no damage.
The ball python bites you but does no damage.
The ball python barely misses you.
You thump the ball python!
You kill the ball python!
Trog accepts your kill.
You see here a ball python corpse.
A goblin comes into view. It is wielding a +0 club.
The goblin shouts!
A ball python comes into view.
There are monsters nearby!
There are monsters nearby!
There are monsters nearby!
A ball python comes into view.
The ball python hisses angrily.
The goblin hits you with a +0 club.
* * * LOW HITPOINT WARNING * * *
A rat comes into view. 😨 HP[-4]
You take 4 damage, and now have 8/18 hp.
MASSIVE DAMAGE!! (PAUSE)
A red film seems to cover your vision as you go berserk!
You feel yourself moving faster!
You feel mighty!
The goblin hits you but does no damage. 😨 HP[+4]
You now have 27 max hp (+9).
You regained 4 hp, and now have 12/27 hp.
You barely miss the goblin. The goblin barely misses you. 😨 HP[+1]
You barely miss the goblin. The ball python bites you.
* * * LOW HITPOINT WARNING * * *
The ball python grabs you. The ball python constricts you.
The ball python bites you but does no damage.
The goblin barely misses you. 😨 HP[-2]
You take 2 damage, and now have 11/27 hp.
You sock the goblin!
You kill the goblin!
Trog accepts your kill.
The ball python bites you but does no damage.
The ball python constricts you.
* * * LOW HITPOINT WARNING * * *
The ball python bites you.
* * * LOW HITPOINT WARNING * * *
You have reached level 2!
Your demonic ancestry asserts itself...
A menacing aura infuses your magic. 😨 HP[-1] MP[+1]
You now have 36 max hp (+9).
Your mp is fully restored (2).
Unknown command.
You sock the ball python!
You kill the ball python!
Trog accepts your kill.
The ball python barely misses you. x2 😨 HP[+1] Unknown command.
You sock the ball python!
You kill the ball python!
Trog accepts your kill. The rat bites you.
* * * LOW HITPOINT WARNING * * *
Things that are here:
a +0 club {mace}; a goblin corpse; 😱 HP[-2]
You take 2 damage, and now have 9/36 hp.
You barely miss the rat. The rat bites you but does no damage.
You sock the rat!
You kill the rat!
Trog accepts your kill.
You start resting.
You feel a strong urge to attack something.
You are no longer berserk.
You are exhausted.
You feel yourself slow down.
You feel yourself speed up.
You recover from your berserk rage.
Unknown command. 😮 HP[+5]
You now have 24 max hp (-12).
You regained 5 hp, and now have 14/24 hp.
Unknown command.
Are you sure you want to abandon this character and quit the game? (Confirm with "yes".)

Skill      XL: |  1 |
---------------+----+-----
Maces & Flails | 3 |  3.3
Fighting       | |  3.0
Armour         | |  1.7
Dodging        | |  1.7

Action                   || total
-------------------------++-------
Melee: Mace              ||    26
Invok: Berserk           ||     1
Armor: Animal skin       ||    11
Dodge: Dodged            ||    17

Levels and vault maps discovered:
D:1:      zelgadis_glass_arrival_small, layout_basic, moated_statue

Notes
Turn   | Place    | Note
-------+----------+-------------------------------------------
     0 | D:1      | spaghetti the Demonspawn Berserker began the quest for the
                  | Orb.
     0 | D:1      | Reached XP level 1. HP: 18/18 MP: 1/1
     0 | D:1      | magus.rc [v1.9.6]
   172 | D:1      | Reached skill level 3 in Maces & Flails
   193 | D:1      | Gained mutation: Spells you cast may paralyse adjacent
                  | enemies. [demonic ancestry]
   193 | D:1      | Reached XP level 2. HP: 10/24 MP: 2/2
   195 | D:1      | HP: 9/36 [rat (2)]
   290 | D:1      | Quit the game

Vanquished Creatures
  3 ball pythons (D:1)
  An endoplasm (D:1)
  A giant cockroach (D:1)
  A goblin (D:1)
  A hobgoblin (D:1)
  3 rats (D:1)
10 creatures vanquished.

Table legend:
 A = Non-vault XP
 B = Vault XP
 C = Vault XP percentage of total XP
 D = Non-vault monster count
 E = Vault monster count
 F = Vault count percentage of total count
                 A         B        C        D         E       F
            +---------+---------+-------+---------+---------+-------
      Total |      16 |       0 |   0.0 |      10 |       0 |   0.0
            +---------+---------+-------+---------+---------+-------
        D:1 |      16 |       0 |   0.0 |      10 |       0 |   0.0
            +---------+---------+-------+---------+---------+-------

Illustrated notes

Table legend:
 A = Kills in this place as a percentage of kills in entire the game.
 B = Kills by you in this place as a percentage of kills by you in the entire game.
 C = Kills by friends in this place as a percentage of kills by friends in the entire game.
 D = Other kills in this place as a percentage of other kills in the entire game.
 E = Experience gained in this place as a percentage of experience gained in the entire game.
 F = Experience gained in this place divided by the number of levels of this place that you have seen.
                   A       B       C       D       E      F
               +-------+-------+-------+-------+-------+----------------------
         Total | 100.0 | 100.0 |   N/A |   N/A | 100.0 |  16.0
       Dungeon | 100.0 | 100.0 |   N/A |   N/A | 100.0 |  16.0
               +-------+-------+-------+-------+-------+----------------------

Table legend: (Time is in decaauts)
 A = Elapsed time spent in this place.
 B = Non-inter-level travel time spent in this place.
 C = Inter-level travel time spent in this place.
 D = Time resting spent in this place.
 E = Time spent auto-exploring this place.
 F = Levels seen in this place.
 G = Mean time per level.
                   A        B        C        D        E       F      G
               +--------+--------+--------+--------+--------+-----+--------+
         Total |    303 |    303 |      0 |    102 |    141 |   1 |  303.0 |
       Dungeon |    303 |    303 |      0 |    102 |    141 |   1 |  303.0 |
               +--------+--------+--------+--------+--------+-----+--------+

Top non-repeatable levels by time:
     D:1: 303 daAuts
